 Dungeon Sprint DCSS version 0.20.1-1-g8b1a95d (webtiles) character file.

4095 sanboga the Spear-Bearer (level 10, -2/102 HPs)
             Began as a Minotaur Berserker on Dec 22, 2017.
             Was the Champion of Trog.
             Splashed by an oklob plant shifter's acid (20 damage)
             ... in the Dungeon (Sprint IV: "Fedhas' Mad Dash") on Dec 27, 2017.
             The game lasted 00:10:16 (2439 turns).

sanboga the Spear-Bearer (Minotaur Berserker)       Turns: 2439, Time: 00:10:18

Health: -2/102     AC: -3    Str: 25    XL:     10   Next: 5%
Magic:  14/15      EV: 16    Int:  4    God:    Trog [******]
Gold:   78         SH:  0    Dex: 12    Spells: 9/9 levels left

rFire    . . .     SeeInvis +   n - +7 glaive (venom)
rCold    . . .     Gourm    .   (shield currently unavailable)
rNeg     . . .     Faith    .   d - +5 robe of Night {Dark MR+ SInv}
rPois    .         Spirit   .   (helmet restricted)
rElec    .         Reflect  .   (no cloak)
rCorr    .         Harm     .   a - +0 pair of gloves (curse)
MR       +....     NoTele   +   (no boots)
Stlth    ++++......             l - amulet of invisibility {+Inv}
Regen    0.3/turn               (no ring)
MPRegen  0.2/turn               (no ring)

@: corroded, very slightly contaminated, invisible
A: retaliatory headbutt, horns 2, agile 1
a: Berserk, Trog's Hand, Brothers in Arms, Burn Spellbooks, Renounce Religion


You were in the Dungeon.
You worshipped Trog.
Trog was exalted by your worship.
You were not hungry.

You visited 1 branch You collected 218 gold pieces.
You spent 140 gold pieces at shops.

Inventory:

Hand Weapons
 n - a +7 glaive of venom (weapon)
 o - the +8 arbalest of Mourning {elec, SInv}
   (Trog gifted it to you in the Dungeon)

   It charges the ammunition it shoots with electricity; occasionally upon a
   hit, such missiles may discharge and cause terrible harm.
   It lets you see invisible.
Missiles
 k - 8 javelins of penetration (quivered)
Armour
 a - a cursed +0 pair of gloves (worn)
 d - the +5 robe of Night (worn) {Dark MR+ SInv}
   (You found it in the Dungeon)

   It affects your resistance to hostile enchantments.
   It lets you see invisible.
Jewellery
 l - the amulet of invisibility (around neck) {+Inv}
   (You found it in the Dungeon)

   [amulet of nothing]

   It lets you turn invisible.
Scrolls
 i - a scroll of blinking
 m - a scroll of fog
Potions
 e - 2 potions of heal wounds
 f - a potion of haste
 g - 2 potions of magic
 h - a potion of berserk rage
 j - a potion of mutation {unknown}
Comestibles
 b - 4 fruits
 c - a royal jelly


   Skills:
 + Level 13.8 Fighting
 + Level 14.5 Polearms
 + Level 6.2 Armour
 + Level 8.7 Dodging
 + Level 9.9 Stealth
   Level 1.9 Shields
 + Level 8.1 Evocations


You had 9 spell levels left.
You didn't know any spells.

Dungeon Overview and Level Annotations

Branches:
Dungeon (1/1)

Altars:
Cheibriados
Dithmenos
Elyvilon
Gozag
Hepliaklqana
Kikubaaqudgha
Makhleb
Nemelex Xobeh
Okawaru
Qazlal
Ru
Sif Muna
Trog
Uskayaw
Vehumet
Xom
Yredelemnul
Zin
The Shining One
Beogh
Jiyva
Lugonu

Shops:
D ?(!(

Annotations:
D exclusion: oklob plant


Innate Abilities, Weirdness & Mutations

You reflexively headbutt those who attack you in melee.
You have a pair of horns on your head.
You are agile. (Dex +2)


Message History

Trog accepts your kill.
Trog appreciates your killing of a magic user.
You have reached level 10!
You hit the oklob plant shifter but do no damage.
The oklob plant shifter casts a spell at you.
You blink.
The oklob plant shifter spits acid at something.
The splash of acid misses you.
The splash of acid hits the fungus.
The fungus is splashed with acid.
The acid corrodes the fungus!
The oklob plant shifter spits acid at you.
The splash of acid misses you.
The splash of acid hits the fungus.
The fungus is splashed with acid.
The acid corrodes the fungus!
You hit the oklob plant shifter but do no damage.
You headbutt the oklob plant shifter!
The oklob plant shifter is moderately damaged.
The oklob plant shifter spits acid at you.
The splash of acid hits you!
* * * LOW HITPOINT WARNING * * *
The acid corrodes you!
You are splashed with acid!
The acid burns!
You die...

#######################***
._._.⌠.#.(')..#....##∩#*,*
_._._..'..#)..#....'.[#*+*
._._...#..###'##)).##∩#,,****
_._._..#..##∩∩.'...####*,,,,*
._._.⌠.#############****,,,∩*
############....?(#**,,,,,*,*
.♣.###.'..'.....($+,+,,,*,,∩*
..♣##..#..#.P...@P#**********
♣).###.##+##.P....#
..♣'..(#*,*########
########,,,,,****
***,,*,,*,,,,***
****,,,*,,,,,,*,,,****
,,,,,,,,*,,,,,∩,∩,,,,*
,********************* **
******* *******


You could see an oklob plant shifter.

Vanquished Creatures
  A spriggan druid (D)
  5 oklob plants (D)
  3 burning bushes (D)
  A queen bee (D)
  3 wandering mushrooms (D)
  2 scorpions (D)
  4 killer bees (D)
  5 oklob saplings (D)
  A worker ant (D)
  2 spriggans (D)
  A river rat (D)
  A rat (D)
  A ballistomycete spore (D)
30 creatures vanquished.

Notes
Turn   | Place    | Note
-------+----------+-------------------------------------------
     0 | D        | sanboga the Minotaur Berserker began the quest for the Orb.
     0 | D        | Reached XP level 1. HP: 19/19 MP: 0/0
    10 | D        | Reached skill level 4 in Polearms
    10 | D        | Reached XP level 2. HP: 20/28 MP: 1/1
   124 | D        | Noticed an oklob sapling
   129 | D        | Killed an oklob sapling
   129 | D        | Reached ** piety under Trog
   129 | D        | Reached skill level 5 in Fighting
   129 | D        | Reached skill level 5 in Polearms
   129 | D        | Reached XP level 3. HP: 28/37 MP: 2/2
   132 | D        | Reached skill level 6 in Polearms
   275 | D        | Found an opulent altar of Gozag.
   275 | D        | Found a hazy altar of Hepliaklqana.
   275 | D        | Found a burning altar of Makhleb.
   275 | D        | Found a roughly hewn altar of Beogh.
   275 | D        | Found a sparkling altar of Nemelex Xobeh.
   275 | D        | Found a snail-covered altar of Cheibriados.
   275 | D        | Found a sacrificial altar of Ru.
   275 | D        | Found a deep blue altar of Sif Muna.
   275 | D        | Found a shimmering altar of Xom.
   275 | D        | Found a basalt altar of Yredelemnul.
   276 | D        | Found a viscous altar of Jiyva.
   276 | D        | Found a bloodstained altar of Trog.
   276 | D        | Noticed an oklob sapling priest
   277 | D        | Found an iron altar of Okawaru.
   277 | D        | Found a shadowy altar of Dithmenos.
   277 | D        | Found a glowing silver altar of Zin.
   278 | D        | Found an ancient bone altar of Kikubaaqudgha.
   278 | D        | Found a hide-covered altar of Uskayaw.
   279 | D        | Found a stormy altar of Qazlal.
   279 | D        | Found a white marble altar of Elyvilon.
   279 | D        | Found a glowing golden altar of the Shining One.
   280 | D        | Found a corrupted altar of Lugonu.
   280 | D        | Found a radiant altar of Vehumet.
   288 | D        | Killed an oklob sapling priest
   288 | D        | Reached skill level 7 in Polearms
   288 | D        | Reached XP level 4. HP: 25/48 MP: 1/3
   451 | D        | Reached *** piety under Trog
   451 | D        | Reached skill level 8 in Polearms
   451 | D        | Reached skill level 1 in Evocations
   451 | D        | Reached XP level 5. HP: 21/53 MP: 1/4
   664 | D        | Reached skill level 1 in Stealth
   669 | D        | Reached skill level 9 in Polearms
   669 | D        | Reached skill level 5 in Armour
   675 | D        | Received a gift from Trog
   675 | D        | Reached skill level 5 in Dodging
   852 | D        | Found Bayrhuuc's Weapon Shop.
   852 | D        | Found Oxkoture's Magic Scroll Emporium.
  1124 | D        | Noticed a burning bush
  1124 | D        | Noticed a wandering mushroom
  1164 | D        | Noticed a queen bee
  1175 | D        | Reached XP level 6. HP: 66/66 MP: 6/6
  1177 | D        | Reached **** piety under Trog
  1177 | D        | Reached skill level 10 in Fighting
  1177 | D        | Reached skill level 10 in Polearms
  1180 | D        | Killed a queen bee
  1180 | D        | Reached skill level 11 in Polearms
  1180 | D        | Reached XP level 7. HP: 49/73 MP: 6/8
  1436 | D        | Noticed an oklob plant
  1466 | D        | Killed an oklob plant
  1466 | D        | Reached skill level 5 in Stealth
  1466 | D        | Reached skill level 5 in Evocations
  1466 | D        | Reached XP level 8. HP: 59/82 MP: 7/10
  1482 | D        | Noticed a burning bush
  1493 | D        | Killed a burning bush
  1493 | D        | Reached ***** piety under Trog
  1493 | D        | Reached skill level 12 in Polearms
  1582 | D        | Noticed a burning bush
  1582 | D        | Noticed an oklob plant
  1630 | D        | Noticed a wandering mushroom
  1641 | D        | Killed a wandering mushroom
  1653 | D        | Killed a wandering mushroom
  1653 | D        | Received a gift from Trog
  1653 | D        | Reached skill level 1 in Shields
  1670 | D        | Killed a burning bush
  1999 | D        | Found Gomaesia's Weapon Emporium.
  1999 | D        | Found Biofisid's Distillery.
  2014 | D        | Bought a potion of heal wounds for 50 gold pieces
  2028 | D        | Bought a scroll of enchant weapon for 90 gold pieces
  2082 | D        | Noticed a wandering mushroom
  2085 | D        | Killed a burning bush
  2085 | D        | Reached XP level 9. HP: 92/92 MP: 9/13
  2090 | D        | Killed an oklob plant
  2090 | D        | Reached skill level 13 in Polearms
  2097 | D        | Killed a wandering mushroom
  2130 | D        | Noticed a spriggan druid
  2132 | D        | Killed a spriggan druid
  2153 | D        | Noticed an oklob plant conjurer
  2156 | D        | Reached ****** piety under Trog
  2156 | D        | Received a gift from Trog
  2161 | D        | Killed an oklob plant conjurer
  2161 | D        | Received a gift from Trog
  2161 | D        | Reached skill level 14 in Polearms
  2162 | D        | Got a warped arbalest {god gift}
  2167 | D        | Identified the +8 arbalest of Mourning {elec, SInv} (Trog gifted it to you in the Dungeon)
  2186 | D        | Gained mutation: You are agile. (Dex +2) [mutagenic glow]
  2416 | D        | Noticed an oklob plant
  2420 | D        | Noticed an oklob plant summoner
  2422 | D        | Noticed an oklob plant shifter
  2429 | D        | Killed an oklob plant
  2433 | D        | Killed an oklob plant summoner
  2433 | D        | Reached XP level 10. HP: 36/102 MP: 13/15
  2439 | D        | Splashed by an oklob plant shifter's acid

Skill      XL: |  1  2  3  4  5  6  7  8  9 |
---------------+----------------------------+-----
Fighting       | 4 5 7 8 9 10 11 12 13 | 13.8
Polearms       | 4 5 7 8 9 11 12 14 | 14.5
Armour         | 3 4 5 6 |  6.2
Dodging        | 3 4 5 6 7 8 |  8.7
Evocations     | 1 2 3 5 6 8 |  8.1
Stealth        | 2 3 5 7 9 |  9.9
Shields        | 1 |  1.9

Action                   |  1- 3 |  4- 6 |  7- 9 | 10-12 || total
-------------------------+-------+-------+-------+-------++-------
Melee: Spear             |    14 |    40 |    71 |       ||   125
       Headbutt          |     5 |     7 |    26 |     1 ||    39
       Glaive            |       |       |    22 |     2 ||    24
Invok: Berserk           |     1 |     2 |     2 |       ||     5
       Burn Spellbooks   |       |       |     1 |       ||     1
 Abil: Evoke Invisibilit |     1 |     2 |     5 |       ||     8
  Use: Scroll            |       |     2 |     1 |       ||     3
       Potion            |       |       |     2 |       ||     2
 Stab: Invisible         |     1 |     1 |    12 |       ||    14
       Sleeping          |       |     1 |     3 |       ||     4
       Distracted        |       |       |     1 |       ||     1
  Eat: Chunk             |       |     2 |     2 |       ||     4
       Bread ration      |       |     1 |       |       ||     1
       Royal jelly       |       |       |     2 |       ||     2
Armor: Animal skin       |     2 |       |       |       ||     2
       Robe              |       |       |     1 |       ||     1
Dodge: Dodged            |     6 |    17 |    20 |     2 ||    45
Block: Buckler           |       |     1 |     2 |       ||     3
